 Dungeon Crawl Stone Soup version 0.29.0-11-gd7f09526c8 (webtiles) character file.

Game seed: 15840258953960129644

44 gelatine the Trooper (level 3, -3/43 HPs)
             Began as a Demonspawn Fighter on Sept 2, 2022.
             Shot with a sling bullet by a goblin (5 damage)
             ... led by Robin
             ... on level 2 of the Dungeon.
             The game lasted 00:02:26 (1130 turns).

gelatine the Trooper (Demonspawn Fighter)           Turns: 1130, Time: 00:02:26

Health: -3/43      AC:  8    Str: 18    XL:     3   Next: 41%
Magic:  3/3        EV:  9    Int:  9    God:
Gold:   25         SH:  4    Dex: 12    Spells: 2/2 levels left

rFire   . . .      SeeInvis .   a - +0 war axe
rCold   . . .      Faith    .   c - +0 buckler
rNeg    . . .      Spirit   .   b - +0 scale mail
rPois   .          Reflect  .   (no helmet)
rElec   .          Harm     .   (no cloak)
rCorr   .          Rampage  .   (no gloves)
Will    .....                   (no boots)
Stlth   ..........              (no amulet)
HPRegen 0.14/turn               (no ring)
MPRegen 0.08/turn               (no ring)

@: mighty, berserking, very quick
A: molten scales 1, foul stench 1
a: no special abilities


You were on level 2 of the Dungeon.
You visited 1 branch of the dungeon, and saw 2 of its levels.

You collected 25 gold pieces.

Inventory:

Hand Weapons
 a - a +0 war axe (weapon)
Missiles
 j - 4 poisoned darts (quivered)
Armour
 b - a +0 scale mail (worn)
 c - a +0 buckler (worn)
Scrolls
 f - a scroll of poison {unknown}
 i - a scroll of vulnerability {unknown}
 m - a scroll of fear {unknown}
Potions
 e - a potion of berserk rage
 g - a potion of heal wounds {unknown}
 h - a potion of brilliance {unknown}
 k - 2 potions of lignification {unknown}
 l - a potion of degeneration {unknown}


   Skills:
 * Level 3.5 Fighting
 * Level 2.2 Axes
 * Level 3.0 Armour
 * Level 0.4 Dodging
 * Level 3.0 Shields


You had 2 spell levels left.
You didn't know any spells.
Your spell library was empty.

Dungeon Overview and Level Annotations

Branches:
Dungeon (2/15)

Altars:


Innate Abilities, Weirdness & Mutations

You are partially covered in molten scales. (AC +2)
You may rarely emit foul miasma when damaged in melee.


Message History

You kill the goblin!
The hobgoblin hits you but does no damage.
You barely miss the hobgoblin.
Robin says, "We wiped out the hill dwarves - you're next!"
The hobgoblin hits you but does no damage.
The hobgoblin hits you.
* * * LOW HITPOINT WARNING * * *
You slash the hobgoblin!
You kill the hobgoblin!
The goblin no longer looks unusually strong.
You barely miss the goblin.
The goblin no longer looks unusually strong.
The goblin barely misses you. The goblin hits you with a +0 club.
* * * LOW HITPOINT WARNING * * *
You closely miss the goblin.
Robin roars a battlecry!
The goblins go into a battle-frenzy!
You block the goblin's attack.
You feel very mighty all of a sudden.
The goblin no longer looks unusually strong.
The hobgoblin no longer looks unusually strong.
You block the goblin's attack.
It was a potion of berserk rage.
A red film seems to cover your vision as you go berserk!
You feel yourself moving faster!
You feel mighty!
Robin roars a battlecry!
The goblins go into a battle-frenzy!
The goblin closely misses you.
You are too berserk!
You slash the goblin!
You kill the goblin!
The goblin no longer looks unusually strong.
You slash Robin!
Robin is almost dead.
Robin hits you with a +0 mace.
* * * LOW HITPOINT WARNING * * *
You slash Robin!
You kill Robin!
The goblin shoots a sling bullet.
The sling bullet hits you.
You die...

..........#
..........#
......g..#
.........##
#.######gg#
####.# ##g#
....# #g#
#..# #)#
#.[### #@#
#<..#####)#
#......##.#
###.##.##.#
...##.##.#
######..†.#
######


You could see a hobgoblin (strong) and 3 goblins.

Vanquished Creatures
  Robin (D:2)
  2 worms (D:2)
  4 bats (D:1)
  2 endoplasms
  10 goblins
  3 hobgoblins
  3 jackals (D:1)
  A quokka (D:1)
  4 ball pythons
  2 frilled lizards (D:1)
  A kobold (D:1)
  4 rats
37 creatures vanquished.

Notes
Turn   | Place    | Note
-------+----------+-------------------------------------------
     0 | D:1      | gelatine the Demonspawn Fighter began the quest for the
                  | Orb.
     0 | D:1      | Reached XP level 1. HP: 18/18 MP: 1/1
   196 | D:1      | Found a faded altar of an unknown god.
   242 | D:1      | Gained mutation: You may rarely emit foul miasma when
                  | damaged in melee. [demonic ancestry]
   242 | D:1      | Reached XP level 2. HP: 19/24 MP: 2/2
   889 | D:2      | Gained mutation: You are partially covered in molten
                  | scales. (AC +2) [demonic ancestry]
   889 | D:2      | Reached XP level 3. HP: 12/29 MP: 3/3
  1098 | D:2      | Noticed Robin
  1129 | D:2      | HP: 2/43 [Robin/+0 mace (6)]
  1130 | D:2      | Killed Robin
  1130 | D:2      | Shot with a sling bullet by a goblin

Illustrated notes

Levels and vault maps discovered:
D:1:      mushboom_english_gardens, layout_basic, nicolae_ecumenical_lake_church
D:2:      layout_rooms, serial_shops, shop, minmay_distorted, uniq_robin

Skill      XL: |  1  2  3 |
---------------+----------+-----
Axes           | 2 |  2.2
Armour         | 3 |  3.0
Shields        | 3 |  3.0
Fighting       | |  3.5
Dodging        | |  0.4

Action                   || total
-------------------------++-------
Melee: War axe           ||    84
Throw: Dart              ||     5
  Use: Potion            ||     2
Armor: Scale mail        ||    65
Dodge: Dodged            ||    44
Block: Buckler           ||    22
